Map: Ascension to Aiur LE

Players

Arctur

  • Race: Terran Terran
  • Spawn Location: 11:00

Zanster - Winner!

  • Race: Zerg Zerg
  • Spawn Location: 5:00

Event: WCS Valencia 2017

VOD

Have the link to the VOD?

Description

Time

  • Played on: July 13, 2017, 3:08 p.m.
  • Length: 13:10

All games in this series

Show
View Real Time Build Order
Export as new Build Order

Arctur Terran 

Build Orders: Bio Mine 

Get SALT Encoding   

  12  0:00  SCV  
  13  0:12  SCV  
  14  0:19  Supply Depot  
  14  0:24  SCV  
  15  0:41  SCV  
  16  0:43  Barracks  
  16  0:46  Refinery  
  16  0:53  SCV  
  17  1:00  Barracks  
  17  1:05  SCV  
  18  1:17  SCV  
  19  1:30  Orbital Command, Reaper  
  20  1:37  Barracks  
  20  1:42  Refinery  
  20  1:47  Reaper  
  21  1:54  Supply Depot  
  21  1:58  SCV  
  22  2:05  Reaper  
  23  2:16  SCV  
  23  2:17  Supply Depot  
  23  2:21  Reaper  
  25  2:28  Reaper  
  26  2:38  Reaper  
  26  2:40  SCV  
  28  2:55  Reaper  
  28  2:57  Command Center  
  29  3:04  Barracks Tech Lab, SCV  
  30  3:11  Barracks Reactor  
  30  3:29  Barracks Reactor, Marine  
  30  3:30  Stimpack, SCV  
  32  3:34  Engineering Bay  
  32  3:45  SCV  
  32  3:46  Factory  
  32  3:47  Marine  
  34  3:50  Marine x2  
  36  3:57  SCV  
  37  4:07  Marine x3  
  37  4:08  Marine  
  37  4:09  SCV  
  39  4:13  Orbital Command  
  39  4:20  Terran Infantry Weapons Level 1  
  39  4:21  Marine  
  39  4:24  SCV  
  41  4:27  Marine x2  
  43  4:36  SCV  
  44  4:38  Starport  
  44  4:39  Factory Reactor  
  44  4:40  SCV  
  44  4:43  Marine  
  46  4:46  Marine x2  
  48  4:56  Marine  
  48  4:57  Marine  
  48  4:58  SCV x2  
  52  5:00  Marine  
  52  5:05  Supply Depot  
  52  5:06  Supply Depot  
  53  5:10  SCV  
  54  5:15  Supply Depot  
  54  5:23  Factory Reactor  
  54  5:26  Marine x4, Medivac, SCV x2  
  62  5:29  Medivac  
  62  5:32  Supply Depot  
  62  5:33  Marine  
  65  5:36  Combat Shields  
  65  5:44  Marine x2, SCV x2  
  65  5:45  Marine  
  65  5:48  Marine  
  71  5:51  Marine  
  71  5:56  SCV x2  
  74  6:10  Marine x2  
  74  6:11  Marine  
  77  6:12  Marine  
  77  6:13  Marine  
  77  6:14  Command Center  
  77  6:15  Terran Infantry Armor Level 1  
  67  6:29  Marine x3  
  67  6:30  Marine  
  67  6:31  SCV x2, Medivac x2  
  67  6:32  Widow Mine  
  76  6:44  Barracks x2  
  76  6:45  SCV  
  76  6:46  Marine, Refinery  
  78  6:49  Refinery  
  78  6:50  SCV  
  79  6:54  Marine x3  
  79  6:58  Marine  
  83  7:06  Marine  
  83  7:07  SCV  
  83  7:08  SCV  
  83  7:09  Liberator  
  83  7:11  Widow Mine  
  83  7:12  Marine  
  83  7:15  Supply Depot  
  86  7:16  Supply Depot  
  86  7:26  SCV, Marine x3, Widow Mine  
  95  7:37  SCV  
  95  7:39  Medivac, Widow Mine  
  95  7:41  Marine  
  95  7:43  Barracks Reactor  
  101  7:47  Marine x2  
  101  7:54  SCV  
  101  7:58  Marine  
  99  7:59  SCV  
  99  8:00  Marine x2  
  99  8:04  Marine  
  99  8:05  Marine  
  96  8:06  SCV  
  96  8:09  Medivac x2  
  96  8:12  SCV  
  102  8:14  Barracks Reactor  
  102  8:16  Marine, Armory  
  102  8:17  Engineering Bay  
  102  8:18  Marine  
  102  8:19  Marine  
  103  8:21  SCV  
  103  8:24  SCV  
  106  8:28  Orbital Command  
  106  8:35  Marine  
  106  8:36  Marine x3  
  106  8:40  Marine x3  
  113  8:44  SCV  
  111  8:53  Marine x3  
  111  8:54  Marine x3  
  117  8:57  Factory  
  117  9:03  Marine x3  
  117  9:04  Supply Depot  
  117  9:05  Supply Depot  
  120  9:11  Marine x3  
  120  9:15  Marine, SCV  
  120  9:16  SCV, Marine, Widow Mine x2  
  90  9:30  Marine  
  72  9:31  SCV x3  
  72  9:33  Marine  
  72  9:34  Marine x7  
  77  9:43  SCV x2  
  74  9:47  SCV  
  74  9:48  Marine  
  74  9:51  Marine x3  
  74  9:52  Marine  
  78  9:53  Medivac  
  78  9:54  Medivac  
  82  10:01  Factory Tech Lab  
  82  10:06  Terran Infantry Weapons Level 2  
  82  10:07  Terran Infantry Armor Level 2  
  82  10:11  Widow Mine x2  
  82  10:12  Marine x3  
  89  10:18  Unknown x2  
  89  10:23  Medivac  
  89  10:24  Medivac  
  89  10:25  Drilling Claws  
  89  10:26  Marine x6  
  99  10:33  Marine x3  
  102  10:38  Widow Mine  
  102  10:40  Unknown x3  
  104  10:43  Marine, Supply Depot  
  104  10:44  Marine x5  
  104  10:45  Supply Depot  
  110  10:50  Marine  
  110  10:51  Widow Mine x2  
  110  10:55  Supply Depot  
  110  10:56  Supply Depot  
  115  11:00  Medivac  
  115  11:02  Marine x5  
  122  11:06  Marine x2, Medivac  
  122  11:07  Marine  
  122  11:09  SCV  
  124  11:15  Marine  
  122  11:19  Marine  
  122  11:20  Marine  
  122  11:21  Marine  
  122  11:25  SCV  
  121  11:30  SCV  
  121  11:31  SCV  
  122  11:34  Marine  
  123  11:42  Medivac  
  123  11:45  Medivac  
  124  11:52  Marine x4  
  128  12:03  Widow Mine x2  
  128  12:04  Marine  
  128  12:07  Marine x2  
  135  12:14  Marine x3  
  138  12:19  Marine  
  138  12:21  Marine  
  138  12:27  Marine  
  108  12:50  Marine x4  
Show
View Real Time Build Order
Export as new Build Order

Zanster Zerg - Winner!

Build Orders: Hatch First, Muta Ling Bane 

Get SALT Encoding   

  12  0:00  Drone  
  13  0:13  Overlord  
  13  0:17  Drone  
  14  0:32  Drone x2  
  16  0:36  Drone  
  17  0:52  Hatchery  
  17  0:55  Drone  
  17  0:58  Drone  
  18  1:09  Extractor  
  17  1:13  Spawning Pool  
  17  1:16  Drone  
  17  1:20  Drone  
  18  1:29  Drone  
  19  1:39  Drone  
  20  1:52  Overlord  
  20  2:01  Queen  
  20  2:04  Queen  
  20  2:05  Zergling x4  
  26  2:09  Metabolic Boost  
  26  2:12  Drone  
  26  2:14  Drone  
  28  2:29  Drone x2  
  30  2:38  Hatchery  
  30  2:40  Drone  
  30  2:46  Queen  
  30  2:50  Overlord  
  32  2:53  Zergling x2  
  32  2:56  Zergling x2  
  34  3:01  Drone x2  
  36  3:06  Overlord  
  36  3:18  Zergling x6  
  36  3:19  Zergling x6  
  42  3:24  Zergling x4  
  44  3:29  Queen  
  44  3:31  Zergling x2  
  45  3:42  Drone  
  45  3:43  Drone x2  
  45  3:46  Overlord  
  48  3:50  Queen  
  48  4:03  Zergling x6  
  48  4:06  Drone x2  
  48  4:07  Drone x4  
  48  4:08  Drone  
  58  4:12  Drone  
  58  4:13  Drone  
  60  4:18  Evolution Chamber  
  60  4:19  Drone  
  60  4:21  Drone  
  61  4:25  Overlord  
  61  4:30  Drone x2  
  63  4:34  Extractor  
  63  4:36  Drone  
  63  4:38  Drone  
  64  4:42  Drone  
  64  4:43  Drone x4  
  70  4:45  Drone  
  70  4:46  Drone x2  
  70  4:51  Overlord  
  71  4:58  Drone x3  
  73  5:03  Overlord  
  73  5:04  Zerg Ground Armor Level 1  
  73  5:08  Baneling Nest  
  73  5:09  Overlord  
  73  5:11  Drone  
  73  5:12  Drone x2  
  73  5:13  Drone  
  76  5:19  Overlord  
  76  5:20  Queen  
  78  5:28  Zergling x6  
  81  5:30  Lair  
  81  5:34  Zergling x16  
  89  5:36  Zergling x4  
  89  5:39  Overlord  
  89  5:42  Extractor  
  90  5:43  Extractor  
  90  5:48  Zergling x6  
  92  5:51  Baneling x6  
  92  5:54  Zergling x2  
  92  5:56  Zergling x6  
  96  5:58  Overlord  
  96  6:03  Zergling x8  
  100  6:04  Overlord  
  100  6:10  Drone x4  
  104  6:14  Overlord  
  104  6:22  Evolution Chamber  
  104  6:23  Drone x2  
  104  6:24  Drone  
  101  6:29  Drone  
  101  6:30  Drone  
  101  6:31  Drone  
  101  6:32  Drone x7  
  106  6:34  Centrifical Hooks  
  106  6:40  Overlord  
  106  6:45  Zergling x6  
  106  6:46  Hatchery  
  108  6:50  Zergling x2  
  108  6:51  Overseer  
  109  6:55  Spire  
  109  6:56  Extractor x2, Overlord  
  105  7:04  Zergling x12  
  105  7:05  Zergling x10  
  113  7:09  Zerg Melee Weapons Level 1  
  113  7:11  Drone  
  113  7:12  Drone  
  113  7:14  Overlord  
  115  7:27  Zerg Ground Armor Level 2  
  115  7:33  Zergling x22  
  126  7:45  Zergling x12  
  123  7:52  Overlord  
  109  8:06  Mutalisk  
  109  8:07  Mutalisk x5  
  109  8:09  Zergling x2  
  109  8:10  Zergling x8  
  122  8:14  Hatchery  
  122  8:17  Zergling x6  
  122  8:18  Queen, Zergling x4  
  126  8:22  Zergling x2  
  126  8:24  Hatchery  
  125  8:33  Zergling x18  
  133  8:36  Overlord  
  133  8:38  Overseer  
  133  8:42  Drone x6  
  133  8:44  Baneling x10  
  139  8:51  Mutalisk  
  139  8:52  Mutalisk x2  
  143  9:00  Mutalisk x3  
  150  9:07  Zerg Flyer Armor Level 1  
  150  9:10  Zergling x16  
  129  9:24  Zergling x20  
  130  9:33  Mutalisk x4  
  130  9:37  Zergling x6  
  128  9:45  Zergling x2  
  128  9:46  Zergling x12  
  128  9:47  Zerg Melee Weapons Level 2  
  134  9:56  Infestation Pit  
  133  10:03  Zergling x18  
  142  10:07  Baneling x2  
  142  10:12  Spore Crawler  
  142  10:13  Zergling x26  
  154  10:14  Hatchery  
  154  10:15  Baneling x7  
  154  10:16  Baneling  
  154  10:19  Zergling x6  
  156  10:23  Zergling x8  
  156  10:27  Zergling x2  
  161  10:33  Hive  
  161  10:35  Zergling x10  
  166  10:39  Overlord x2  
  166  10:40  Baneling x7  
  166  10:48  Zergling x14  
  173  10:51  Zergling x2  
  173  10:54  Pneumatized Carapace  
  173  10:56  Overlord  
  174  11:03  Drone x10  
  184  11:04  Drone  
  184  11:06  Zerg Flyer Weapons Level 1  
  185  11:17  Zergling x10  
  190  11:42  Extractor  
  190  11:46  Extractor  
  188  11:48  Zergling x16  
  188  11:49  Overlord  
  188  11:52  Overlord  
  188  11:54  Burrow  
  194  11:58  Ultralisk Cavern  
  193  12:05  Overseer  
  193  12:12  Baneling x8  
  193  12:13  Baneling x14  
  193  12:15  Zergling x10  
  194  12:16  Zergling x4  
  199  12:27  Extractor x2  
  193  12:31  Baneling x11  
  193  12:34  Zergling x14  
  200  12:38  Baneling  
  200  12:39  Baneling x5  
  200  12:42  Hatchery  
  197  12:50  Zergling x34  
Tags
 
Add a new tag
Caveats
  • Supply blocks, unpowered buildings, or Contaminate may cause inaccurate times.
  • Supply counts are checked every 10 seconds.